 Dungeon Crawl Stone Soup version 0.26-a0-778-g3fe0686644 (webtiles) character file.

Game seed: 8863782812713479416

178 reriks the Chucker (level 5, -3/54 HPs)
             Began as an Ogre Hunter on Nov 11, 2020.
             Killed from afar by an orc wizard (6 damage)
             ... with a magic dart
             ... on level 3 of the Dungeon.
             The game lasted 00:02:40 (3373 turns).

reriks the Chucker (Ogre Hunter)                    Turns: 3373, Time: 00:02:41

Health: -3/54      AC:  3    Str: 17    XL:     5   Next: 58%
Magic:  5/5        EV: 10    Int: 12    God:
Gold:   129        SH:  0    Dex:  9    Spells: 4/4 levels left

rFire    . . .     SeeInvis .   a - +0 short sword
rCold    . . .     Faith    .   (no shield)
rNeg     . . .     Spirit   .   b - +0 robe
rPois    .         Reflect  .   (helmet restricted)
rElec    .         Harm     .   (no cloak)
rCorr    .         Rampage  .   (gloves unavailable)
MR       .....                  (boots unavailable)
Stlth    ++........             (no amulet)
HPRegen  0.18/turn              (no ring)
MPRegen  0.09/turn              (no ring)

@: slowed, very slow
A: large, unfitting armour, tough skin 1
a: no special abilities


You were on level 3 of the Dungeon.
You visited 1 branch of the dungeon, and saw 3 of its levels.

You collected 129 gold pieces.

Inventory:

Hand Weapons
 a - a +0 short sword (weapon)
Missiles
 d - 2 throwing nets (quivered)
Armour
 b - a +0 robe (worn)
Jewellery
 h - an uncursed ring of resist corrosion {unknown}
Scrolls
 f - a scroll of remove curse {unknown}
 g - 9 scrolls of identify {unknown}
 k - a scroll of magic mapping {unknown}
 m - a scroll of amnesia {unknown}
 o - 2 scrolls of teleportation {unknown}
 p - a scroll of noise {unknown}
Potions
 e - a potion of haste {unknown}
 j - a potion of mutation {unknown}
 l - a potion of invisibility {unknown}
 n - a potion of flight {unknown}
 q - a potion of attraction {unknown}


   Skills:
 + Level 4.2 Fighting
 - Level 4.3 Throwing
 + Level 1.7 Armour
 + Level 2.8 Dodging
 + Level 2.0 Stealth


You had 4 spell levels left.
You didn't know any spells.
Your spell library was empty.

Dungeon Overview and Level Annotations

Branches:
Dungeon (3/15)

Altars:
Xom


Innate Abilities, Weirdness & Mutations

You are too large for most types of armour.
You have tough skin. (AC +1)


Message History

The orc wizard is moderately wounded.
You feel sick. The orc wizard barely misses you.
The orc wizard hits you with a +0 dagger.
* * * LOW HITPOINT WARNING * * *
You closely miss the orc wizard.
The orc wizard is moderately wounded.
The orc wizard hits you but does no damage.
The orc wizard hits you with a +0 dagger.
* * * LOW HITPOINT WARNING * * *
You barely miss the orc wizard.
The orc wizard is moderately wounded.
The orc wizard hits you with a +0 dagger.
* * * LOW HITPOINT WARNING * * *
You barely miss the orc wizard.
The orc wizard is moderately wounded.
You feel sick.
You are no longer poisoned.
The orc wizard gestures at you while chanting.
The magic dart hits you.
You die...

...............#
##.##########..#
##(# #..# ...#
#..# #### #..# #
#..# # #..##
#.$†## #.#.#@##
#.##.##o#
#...w.o....#
#..##.#...(...
.. #.#.##.####
#. .o.# .. #.#
### . #


You could see an orc wizard.

Vanquished Creatures
  Natasha (thrice) (D:2)
  4 adders (D:2)
  A worm (D:2)
  4 dart slugs
  2 leopard geckos
  2 orcs (D:3)
  2 ball pythons
  3 giant cockroaches
  4 goblins
  5 hobgoblins
  3 jackals
  5 kobolds
  2 quokkas (D:2)
  6 bats
  3 frilled lizards (D:1)
  6 rats
55 creatures vanquished.

Notes
Turn   | Place    | Note
-------+----------+-------------------------------------------
     0 | D:1      | reriks the Ogre Hunter began the quest for the Orb.
     0 | D:1      | Reached XP level 1. HP: 22/22 MP: 1/1
   336 | D:1      | Reached XP level 2. HP: 23/29 MP: 2/2
   527 | D:1      | Reached skill level 1 in Stealth
   858 | D:1      | Reached XP level 3. HP: 33/37 MP: 3/3
  1734 | D:2      | Found a shimmering altar of Xom.
  1793 | D:2      | Reached skill level 1 in Armour
  1803 | D:2      | Noticed Natasha
  2048 | D:2      | Killed Natasha
  2048 | D:2      | Reached XP level 4. HP: 45/45 MP: 4/4
  2381 | D:2      | HP: 2/46 [poisoned by an adder]
  2612 | D:2      | Noticed Natasha
  2613 | D:2      | Killed Natasha
  2613 | D:2      | Reached XP level 5. HP: 54/54 MP: 5/5
  2625 | D:2      | Noticed Natasha
  2627 | D:2      | Killed Natasha
  3373 | D:3      | Killed from afar by an orc wizard

Illustrated notes

Levels and vault maps discovered:
D:1:      wander_arrival_estate, layout_loops_ring, dk_noncrumbling_3
D:2:      layout_rooms, xom_teletrap_fun, uniq_natasha
D:3:      layout_loops_ring, nrook_loot_triangle, uniq_sigmund, uniq_jessica,
          uniq_robin

Skill      XL: |  1  2  3  4  5 |
---------------+----------------+-----
Fighting       | 3 4 |  4.2
Dodging        | 2 |  2.8
Stealth        | 1 2 |  2.0
Armour         | 1 |  1.7
Throwing       | |  4.3

Action                   |  1- 3 |  4- 6 || total
-------------------------+-------+-------++-------
Melee: Short sword       |   144 |    98 ||   242
Throw: Large rock        |     1 |    13 ||    14
       Throwing net      |       |     1 ||     1
  Use: Potion            |       |     3 ||     3
 Stab: Sleeping          |     3 |       ||     3
Armor: Robe              |    61 |    28 ||    89
Dodge: Dodged            |   108 |    66 ||   174

Table legend: (Time is in decaauts)
 A = Elapsed time spent in this place.
 B = Non-inter-level travel time spent in this place.
 C = Inter-level travel time spent in this place.
 D = Time resting spent in this place.
 E = Time spent auto-exploring this place.
 F = Levels seen in this place.
 G = Mean time per level.
                   A        B        C        D        E       F      G
               +--------+--------+--------+--------+--------+-----+--------+
         Total |   3410 |   3368 |     42 |   1797 |   1104 |   3 | 1136.7 |
       Dungeon |   3410 |   3368 |     42 |   1797 |   1104 |   3 | 1136.7 |
               +--------+--------+--------+--------+--------+-----+--------+

Top non-repeatable levels by time:
     D:2: 1872 daAuts
     D:1: 1407 daAuts
     D:3: 130 daAuts
